TOP OF THE 1ST |
Utica Unicorns batting - Pitching for Waba Ducks : RHP Larry Stewart
|
Pitching: RHP Larry Stewart
|
|
Batting: LHB Raúl Morales
|
0-0: DOUBLE (Line Drive, 9D)
|
Batting: RHB Justin Geoghegan
|
0-0: Ball 1-0: Called Strike 1-1: Ball 2-1: Foul Ball, location: 2F 2-2: Ball 3-2: Ground out 4-3 (Groundball, 4) Raúl Morales to third
|
Batting: LHB José Román
|
0-0: Called Strike 0-1: Swinging Strike 0-2: SINGLE (Flyball, 9S) Raúl Morales scores
|
Batting: LHB Pablo Reyes
|
0-0: Ball 1-0: Fly out, F8 (Line Drive, 89D)
|
Batting: RHB António Magana
|
0-0: Ball 1-0: SINGLE (Flyball, 3D) José Román to second Runner from 2nd tries for 3rd, SAFE, no throw
|
Batting: SHB Ralph Robison
|
0-0: Called Strike 0-1: Foul Ball, location: 2F 0-2: Ball 1-2: Strikes out looking
|
Top of the 1st over - 1 run, 3 hits, 0 errors, 2 left on base; Utica 1 - Waba 0 |
BOTTOM OF THE 1ST |
Waba Ducks batting - Pitching for Utica Unicorns : RHP Alberto Parra
|
Pitching: RHP Alberto Parra
|
|
Batting: LHB Stanley Mullins
|
0-0: Foul Ball, location: 2F 0-1: Ball 1-1: Ball 2-1: Fly out, F7 (Flyball, 78M)
|
Batting: RHB Raúl Bruno
|
0-0: Called Strike 0-1: Called Strike 0-2: Ball 1-2: Ball 2-2: Strikes out swinging
|
Batting: LHB Don Ramey
|
0-0: Foul Ball, location: 2F 0-1: Ball 1-1: Ball 2-1: Swinging Strike 2-2: Fly out, F7 (Line Drive, 78M)
|
Bottom of the 1st over - 0 runs, 0 hits, 0 errors, 0 left on base; Utica 1 - Waba 0 |
TOP OF THE 2ND |
Utica Unicorns batting - Pitching for Waba Ducks : RHP Larry Stewart
|
Batting: RHB John Jones
|
0-0: Ground out 4-3 (Groundball, 34)
|
Batting: RHB Marcos Castillo
|
0-0: Ball 1-0: Called Strike 1-1: Swinging Strike 1-2: Strikes out swinging
|
Batting: RHB José Velázquez
|
0-0: Foul Ball, location: 2F 0-1: Ball 1-1: Foul Ball, location: 2F 1-2: Fly out, F3 (Popup, 3SF)
|
Top of the 2nd over - 0 runs, 0 hits, 0 errors, 0 left on base; Utica 1 - Waba 0 |
BOTTOM OF THE 2ND |
Waba Ducks batting - Pitching for Utica Unicorns : RHP Alberto Parra
|
Batting: RHB Pedro Guzmán
|
0-0: Swinging Strike 0-1: Ground out 6-3 (Groundball, 6)
|
Batting: RHB Jim Martin
|
0-0: Foul Ball, location: 2F 0-1: Ball 1-1: Ball 2-1: Ball 3-1: Called Strike 3-2: SOLO HOME RUN (Flyball, 7LD), Distance : 345 ft
|
Batting: SHB John May
|
0-0: SINGLE (Groundball, 4D)
|
Batting: RHB Lynn Johnson
|
0-0: Ball 1-0: SINGLE (Groundball, 56S) (infield hit) John May to second
|
Batting: SHB Garrett Waller
|
0-0: Fielders Choice at 2nd, 3-6 (Groundball, 34) John May to third
|
Batting: RHB Francisco Castillo
|
0-0: SINGLE (Groundball, 34D) John May scores Garrett Waller to second Runner from 2nd tries for 3rd, SAFE, no throw
|
Batting: LHB Stanley Mullins
|
0-0: Called Strike 0-1: SINGLE (Groundball, 4D) Garrett Waller scores Francisco Castillo to second Runner from 2nd tries for 3rd, SAFE, no throw
|
Batting: RHB Raúl Bruno
|
0-0: Called Strike 0-1: Ball 1-1: Ball 2-1: Called Strike 2-2: Strikes out looking
|
Bottom of the 2nd over - 3 runs, 5 hits, 0 errors, 2 left on base; Utica 1 - Waba 3 |
TOP OF THE 3RD |
Utica Unicorns batting - Pitching for Waba Ducks : RHP Larry Stewart
|
Batting: LHB Raúl Morales
|
0-0: Called Strike 0-1: SINGLE (Groundball, 25) (infield hit)
|
Batting: RHB Justin Geoghegan
|
0-0: Ball 1-0: Called Strike 1-1: Ball 2-1: Called Strike 2-2: Grounds into double play, 4-6-3 (Groundball, 4D)
|
Batting: LHB José Román
|
0-0: Called Strike 0-1: Swinging Strike 0-2: Ball 1-2: Ball 2-2: Ball 3-2: Strikes out swinging
|
Top of the 3rd over - 0 runs, 1 hit, 0 errors, 0 left on base; Utica 1 - Waba 3 |
BOTTOM OF THE 3RD |
Waba Ducks batting - Pitching for Utica Unicorns : RHP Alberto Parra
|
Batting: LHB Don Ramey
|
0-0: Called Strike 0-1: Ground out 5-3 (Groundball, 56)
|
Batting: RHB Pedro Guzmán
|
0-0: Ball 1-0: Foul Ball, location: 2F 1-1: Ground out 4-3 (Groundball, 4)
|
Batting: RHB Jim Martin
|
0-0: Ball 1-0: Ball 2-0: Swinging Strike 2-1: SINGLE (Line Drive, 8RS)
|
Batting: SHB John May
|
0-0: Called Strike 0-1: Called Strike 0-2: Ball 1-2: Strikes out swinging
|
Bottom of the 3rd over - 0 runs, 1 hit, 0 errors, 1 left on base; Utica 1 - Waba 3 |
TOP OF THE 4TH |
Utica Unicorns batting - Pitching for Waba Ducks : RHP Larry Stewart
|
Batting: LHB Pablo Reyes
|
0-0: Called Strike 0-1: Ball 1-1: Called Strike 1-2: Strikes out swinging
|
Batting: RHB António Magana
|
0-0: Ground out 6-3 (Groundball, 6D)
|
Batting: SHB Ralph Robison
|
0-0: DOUBLE (Flyball, 8LD)
|
Batting: RHB John Jones
|
0-0: Ball 1-0: Swinging Strike 1-1: SINGLE (Line Drive, 8RS) Ralph Robison to third Runner from 3rd tries for Home, throw and OUT!
|
Top of the 4th over - 0 runs, 2 hits, 0 errors, 1 left on base; Utica 1 - Waba 3 |
BOTTOM OF THE 4TH |
Waba Ducks batting - Pitching for Utica Unicorns : RHP Alberto Parra
|
Batting: RHB Lynn Johnson
|
0-0: Called Strike 0-1: Ball 1-1: Swinging Strike 1-2: Ball 2-2: Strikes out swinging
|
Batting: SHB Garrett Waller
|
0-0: Called Strike 0-1: Called Strike 0-2: Fly out, F7 (Flyball, 78M)
|
Batting: RHB Francisco Castillo
|
0-0: Ball 1-0: Ball 2-0: Swinging Strike 2-1: Fly out, F8 (Flyball, 8LS)
|
Bottom of the 4th over - 0 runs, 0 hits, 0 errors, 0 left on base; Utica 1 - Waba 3 |
TOP OF THE 5TH |
Utica Unicorns batting - Pitching for Waba Ducks : RHP Larry Stewart
|
Batting: RHB Marcos Castillo
|
0-0: Foul Ball, location: 2F 0-1: Ball 1-1: Foul Ball, location: 2F 1-2: Ball 2-2: SINGLE (Groundball, 34) (infield hit)
|
Batting: RHB José Velázquez
|
0-0: Ball 1-0: Fly out, F8 (Flyball, 8RXD)
|
Batting: LHB Raúl Morales
|
0-0: Foul Ball, location: 2F 0-1: Swinging Strike 0-2: Ball 1-2: Ball 2-2: Strikes out swinging
|
Batting: RHB Justin Geoghegan
|
0-0: Ball 1-0: DOUBLE (Flyball, 78D) Marcos Castillo to third Runner from 3rd tries for Home, SAFE, no throw
|
Batting: LHB José Román
|
0-0: Fly out, F4 (Line Drive, 4M)
|
Top of the 5th over - 1 run, 2 hits, 0 errors, 1 left on base; Utica 2 - Waba 3 |
BOTTOM OF THE 5TH |
Waba Ducks batting - Pitching for Utica Unicorns : RHP Alberto Parra
|
Batting: LHB Stanley Mullins
|
0-0: Foul Ball, location: 2F 0-1: Swinging Strike 0-2: Ball 1-2: Fly out, F8 (Flyball, 8RD)
|
Batting: RHB Raúl Bruno
|
0-0: Called Strike 0-1: Ball 1-1: Ball 2-1: Foul Ball, location: 2F 2-2: Ground out 6-3 (Groundball, 6)
|
Batting: LHB Don Ramey
|
0-0: Ball 1-0: Swinging Strike 1-1: Foul Ball, location: 2F 1-2: Strikes out swinging
|
Bottom of the 5th over - 0 runs, 0 hits, 0 errors, 0 left on base; Utica 2 - Waba 3 |
TOP OF THE 6TH |
Utica Unicorns batting - Pitching for Waba Ducks : RHP Larry Stewart
|
Batting: LHB Pablo Reyes
|
0-0: Swinging Strike 0-1: Ball 1-1: Swinging Strike 1-2: Ground out 6-3 (Groundball, 6)
|
Batting: RHB António Magana
|
0-0: Ball 1-0: Foul Ball, location: 2F 1-1: Ball 2-1: SINGLE (Line Drive, 7S)
|
Batting: SHB Ralph Robison
|
0-0: Ball 1-0: Ball 2-0: Called Strike 2-1: SINGLE (Line Drive, 34) António Magana to second
|
Batting: RHB John Jones
|
0-0: Swinging Strike 0-1: Grounds into double play, 5-4-3 (Groundball, 56)
|
Top of the 6th over - 0 runs, 2 hits, 0 errors, 1 left on base; Utica 2 - Waba 3 |
BOTTOM OF THE 6TH |
Waba Ducks batting - Pitching for Utica Unicorns : RHP Alberto Parra
|
Batting: RHB Pedro Guzmán
|
0-0: Called Strike 0-1: SINGLE (Line Drive, 9S)
|
Batting: RHB Jim Martin
|
0-0: Called Strike Pedro Guzmán steals 2nd base 0-1: Ground out 6-3 (Groundball, 6) Pedro Guzmán to third
|
Batting: SHB John May
|
0-0: Ball 1-0: Ball 2-0: 2-RUN HOME RUN (Flyball, 89XD), Distance : 378 ft
|
Pitching: RHP Robert Martin
|
|
Batting: RHB Lynn Johnson
|
0-0: Called Strike 0-1: Ball 1-1: Swinging Strike 1-2: Foul Ball, location: 2F 1-2: Ball 2-2: Ball 3-2: Foul Ball, location: 2F 3-2: SINGLE (Line Drive, 56)
|
Pitching: RHP Don Wiggins
|
|
Batting: SHB Garrett Waller
|
0-0: Ball Lynn Johnson is caught stealing 2nd base 1-0: Swinging Strike 1-1: Foul Ball, location: 2F 1-2: Ball 2-2: Ball 3-2: Base on Balls
|
Batting: RHB Francisco Castillo
|
0-0: Ball 1-0: Foul Ball, location: 2F 1-1: SINGLE (Line Drive, 8LS) Garrett Waller to second Runner from 2nd tries for 3rd, SAFE, no throw
|
Batting: LHB Stanley Mullins
|
0-0: Ball 1-0: Foul Ball, location: 2F 1-1: Ball 2-1: Foul Ball, location: 2F 2-2: Ground out 4-3 (Groundball, 4D)
|
Bottom of the 6th over - 2 runs, 4 hits, 0 errors, 2 left on base; Utica 2 - Waba 5 |
TOP OF THE 7TH |
Utica Unicorns batting - Pitching for Waba Ducks : RHP Larry Stewart
|
Batting: RHB Marcos Castillo
|
0-0: Ball 1-0: Foul Ball, location: 2F 1-1: Foul Ball, location: 2F 1-2: Foul Ball, location: 2F 1-2: Ball 2-2: Foul Ball, location: 2F 2-2: Strikes out swinging
|
Batting: RHB José Velázquez
|
0-0: Called Strike 0-1: Ball 1-1: SINGLE (Flyball, 7LS)
|
Pitching: LHP Kai-ge Hui
|
|
Batting: LHB Raúl Morales
|
0-0: Swinging Strike 0-1: Called Strike 0-2: Ball 1-2: Foul Ball, location: 2F 1-2: Strikes out swinging
|
Batting: RHB Justin Geoghegan
|
0-0: Ball 1-0: Swinging Strike 1-1: Called Strike 1-2: Strikes out swinging
|
Top of the 7th over - 0 runs, 1 hit, 0 errors, 1 left on base; Utica 2 - Waba 5 |
BOTTOM OF THE 7TH |
Waba Ducks batting - Pitching for Utica Unicorns : RHP Don Wiggins
|
Batting: RHB Raúl Bruno
|
0-0: Called Strike 0-1: Ball 1-1: Swinging Strike 1-2: Strikes out swinging
|
Batting: LHB Don Ramey
|
0-0: Called Strike 0-1: Ball 1-1: Foul Ball, location: 2F 1-2: Foul Ball, location: 2F 1-2: Ball 2-2: Ground out 6-3 (Groundball, 56)
|
Batting: RHB Pedro Guzmán
|
0-0: Called Strike 0-1: Called Strike 0-2: Ball 1-2: SINGLE (Groundball, 6MD)
|
Batting: RHB Jim Martin
|
0-0: Ball 1-0: Fly out, F9 (Line Drive, 9)
|
Bottom of the 7th over - 0 runs, 1 hit, 0 errors, 1 left on base; Utica 2 - Waba 5 |
TOP OF THE 8TH |
Utica Unicorns batting - Pitching for Waba Ducks : LHP Kai-ge Hui
|
Batting: LHB José Román
|
0-0: Ball 1-0: Ball 2-0: Foul Ball, location: 2F 2-1: Fly out, F6 (Line Drive, 6M)
|
Batting: LHB Pablo Reyes
|
0-0: Called Strike 0-1: Called Strike 0-2: Ball 1-2: Foul Ball, location: 2F 1-2: Foul Ball, location: 2F 1-2: Ball 2-2: Ball 3-2: Strikes out swinging
|
Batting: RHB António Magana
|
0-0: Called Strike 0-1: Foul Ball, location: 2F 0-2: Ball 1-2: Foul Ball, location: 2F 1-2: Ball 2-2: Foul Ball, location: 2F 2-2: Foul Ball, location: 2F 2-2: Foul Ball, location: 2F 2-2: Ball 3-2: Foul Ball, location: 2F 3-2: Fly out, F9 (Flyball, 9D)
|
Top of the 8th over - 0 runs, 0 hits, 0 errors, 0 left on base; Utica 2 - Waba 5 |
BOTTOM OF THE 8TH |
Waba Ducks batting - Pitching for Utica Unicorns : RHP Don Wiggins
|
Batting: SHB John May
|
0-0: Ball 1-0: Ball 2-0: Called Strike 2-1: Ball 3-1: SOLO HOME RUN (Flyball, 7D), Distance : 353 ft
|
Batting: RHB Lynn Johnson
|
0-0: Ball 1-0: Swinging Strike 1-1: Foul Ball, location: 2F 1-2: Strikes out swinging
|
Batting: SHB Garrett Waller
|
0-0: Ball 1-0: Ball 2-0: Foul Ball, location: 2F 2-1: Fly out, F6 (Line Drive, 6)
|
Batting: RHB Francisco Castillo
|
0-0: DOUBLE (Line Drive, 7LM)
|
Batting: LHB Stanley Mullins
|
0-0: Ball 1-0: Called Strike 1-1: Foul Ball, location: 2F 1-2: Ball 2-2: Ball 3-2: Foul Ball, location: 2F 3-2: Foul Ball, location: 2F 3-2: Ground out 5-3 (Groundball, 5)
|
Bottom of the 8th over - 1 run, 2 hits, 0 errors, 1 left on base; Utica 2 - Waba 6 |
TOP OF THE 9TH |
Utica Unicorns batting - Pitching for Waba Ducks : LHP Kai-ge Hui
|
Batting: SHB Ralph Robison
|
0-0: SINGLE (Groundball, 6MD)
|
Pitching: LHP Edgardo Guzmán
|
|
Batting: RHB John Jones
|
0-0: Foul Ball, location: 2F 0-1: Hit by Pitch Ralph Robison to second
|
Batting: RHB Marcos Castillo
|
0-0: Ball 1-0: Foul Ball, location: 2F 1-1: Called Strike 1-2: Ball 2-2: Strikes out swinging
|
Batting: RHB José Velázquez
|
0-0: Ball 1-0: Ball 2-0: Fly out, F7 (Flyball, 78S)
|
Batting: LHB Raúl Morales
|
0-0: Called Strike 0-1: Called Strike 0-2: Ball 1-2: Ground out U3 (Groundball, 3)
|
Top of the 9th over - 0 runs, 1 hit, 0 errors, 2 left on base; Utica 2 - Waba 6 |
|